 Dungeon Crawl Stone Soup version 0.17-a0-1651-gae1a69f (webtiles) character file.

145882 nubinia the Unseen (level 16, -5/74 HPs)
             Began as a Spriggan Venom Mage on Aug 13, 2015.
             Was the Champion of Sif Muna.
             Killed from afar by Nikola (33 damage)
             ... with a chain lightning
             ... on level 3 of the Swamp on Aug 14, 2015.
             The game lasted 04:25:58 (42985 turns).

nubinia the Unseen (Spriggan Venom Mage)           Turns: 42985, Time: 04:25:58

Health: -5/74      AC: 15    Str:  4    XL:     16   Next: 88%
Magic:  32/47      EV: 41    Int: 27    God:    Sif Muna [******]
Gold:   2309       SH:  7    Dex: 20    Spells: 13 memorised, 2 levels left

rFire  + . .     SeeInvis +     B - +0 blowgun
rCold  . . .     Clarity  .     F - +2 robe {rN+}
rNeg   + + .     SustAt   .     A - +0 buckler
rPois  +         Gourm    .     K - +3 hat of Pondering {ponderous, MR+ MP+10 Int+5}
rElec  .         Spirit   .     v - +1 cloak {MR+}
rCorr  .         Warding  .     (gloves unavailable)
rMut   .         Stasis   .     (boots unavailable)
MR     +++++                    V - amulet of faith
Stlth  ++++++++..               j - +6 ring of protection
                                L - ring "Yrebb" {rPois rF+ rN+ EV+2}

@: phasing (expiring), flying, deflect missiles, very quick, almost entirely
resistant to hostile enchantments, extraordinarily stealthy
A: unfitting armour, see invisible, clever 1, herbivore 3, speed 3, magic
resistance 1, poison resistance, slow metabolism 2
a: Channel Energy, Forget Spell, Renounce Religion


You were on level 3 of the Swamp.
You worshipped Sif Muna.
Sif Muna was exalted by your worship.
You were not hungry.

You visited 5 branches of the dungeon, and saw 28 of its levels.
You also visited: Ossuary, Bailey and Ice Cave.

You collected 3229 gold pieces.
You spent 920 gold pieces at shops.

Inventory:

Hand weapons
 a - a +3 dagger of venom
 b - a +3 flail of protection
 B - a +0 blowgun (weapon)
 E - the +1 short sword of Dishonour {pierce, Str+7}
   (You bought it in a shop on level 4 of the Orcish Mines)

   It inflicts extra damage upon your enemies.
   It affects your strength (+7).
 W - a +1 short sword of electrocution
Missiles
 h - 66 tomahawks of returning
 H - 8 curare-tipped needles
 Z - 46 poisoned needles (quivered)
Armour
 v - a +1 cloak of magic resistance (worn)
 A - a +0 buckler (worn)
 F - a +2 robe of positive energy (worn)
 K - the +3 hat of Pondering (worn) {ponderous, MR+ MP+10 Int+5}
   (You took it off Gastronok on level 11 of the Dungeon)

   It affects your intelligence (+5).
   It affects your resistance to hostile enchantments.
   It affects your magic capacity (+10).
Jewellery
 j - a +6 ring of protection (right hand)
 m - an uncursed ring of positive energy
 n - an uncursed amulet of warding
 I - an uncursed amulet of rage {unknown}
 J - an uncursed ring of stealth
 L - the ring "Yrebb" (left hand) {rPois rF+ rN+ EV+2}
   (You bought it in a shop on level 4 of the Orcish Mines)

   [ring of evasion]

   It affects your evasion (+2).
   It protects you from fire.
   It protects you from poison.
   It protects you from negative energy.
 N - an uncursed ring of fire
 S - an uncursed amulet of stasis
 V - an amulet of faith (around neck)
Magical devices
 z - a wand of fireball (8)
 P - a wand of cold (4)
 T - a wand of cold (4)
Scrolls
 d - 5 scrolls of recharging
 g - a scroll of blinking
 l - a scroll of enchant weapon
 s - 7 scrolls of teleportation
 t - 6 scrolls of enchant armour
 y - 3 scrolls of remove curse
 D - 7 scrolls of fog
 Q - a scroll of magic mapping
 Y - a scroll of identify
Potions
 e - 6 potions of curing
 o - 3 potions of berserk rage
 p - a potion of resistance
 q - 4 potions of magic
 u - 4 potions of flight
 w - 3 potions of haste
 x - a potion of brilliance
 C - 5 potions of agility
 M - 2 potions of ambrosia
 R - 3 potions of might
 U - 10 potions of heal wounds
Comestibles
 c - 4 bread rations


   Skills:
 + Level 3.8 Fighting
 + Level 6.9 Short Blades
 + Level 1.3 Throwing
 + Level 13.8 Dodging
 + Level 17.0 Stealth
 + Level 3.0 Shields
 * Level 16.5 Spellcasting
 + Level 5.8 Conjurations
 * Level 12.2 Charms
 * Level 10.2 Translocations
 + Level 11.7 Air Magic
 - Level 7.0 Poison Magic
 + Level 0.2 Invocations
 + Level 0.3 Evocations


You had 2 spell levels left.
You knew the following spells:

 Your Spells              Type           Power        Failure   Level  Hunger
a - Sting                 Conj/Pois      ####         1%          1    None
b - Airstrike             Air            ######....   1%          4    None
c - Mephitic Cloud        Conj/Pois/Air  ######..     1%          3    None
d - Olgreb's Toxic Radia  Pois           ######..     1%          4    None
e - Shock                 Conj/Air       ####         1%          1    None
f - Force Lance           Conj/Tloc      ######..     1%          4    None
g - Dispersal             Tloc           ######....   10%         6    ###....
i - Static Discharge      Conj/Air       ######..     1%          3    None
j - Blink                 Tloc           N/A          1%          2    None
k - Cure Poison           Pois           ######....   1%          2    None
p - Phase Shift           Tloc           ######....   1%          5    None
r - Deflect Missiles      Chrm/Air       ######....   3%          6    ###....
w - Warp Weapon           Chrm/Tloc      ######....   1%          5    None


Dungeon Overview and Level Annotations

Branches:
Dungeon (12/15)            Temple (1/1) D:5            Lair (8/8) D:9
  Swamp (3/4) Lair:5        Snake (0/4) Lair:5        Slime (0/6) Lair:6
    Orc (4/4) D:12            Elf (0/3) Orc:4

Altars:
Dithmenos
Kikubaaqudgha
Makhleb
Nemelex Xobeh
Ru
Sif Muna
Vehumet
Zin
Beogh
Jiyva

Shops:
D:7 :   D:10 *   Orc:2 }   Orc:4 (}?[*(=

Portals:
Hell: Lair:8

Annotations:
D:8 urechis's ghost, experienced MfIE
Swamp:3 Nikola
Orc:4 Saint Roka


Innate Abilities, Weirdness & Mutations

You are tiny and cannot use many weapons and most armour.
You have supernaturally acute eyesight.
You are a herbivore.
You cover ground extremely quickly.
You need consume almost no food.
Your mind is acute. (Int +2)
You are resistant to hostile enchantments.
Your system is resistant to poisons.


Message History

Unknown command.
Casting: Airstrike
Confirm with . or Enter, or press ? or * to list all spells.
Aiming: Airstrike
Press: ? - help, Dir - move target cursor, f/p - Nikola
Aim: Nikola, wielding a rapier of electrocution, wearing a glowing cloak and wearing a pair of gloves (moderately wounded, slow, poisoned)
The air twists around and strikes Nikola!
Nikola is moderately wounded.
Nikola is no longer moving slowly.
Nikola gestures at you while chanting. The bolt of lightning hits you!
Ouch! That really hurt!
Drink which item? (? for menu, Esc to quit)
You feel very buoyant.
You fly up into the air.
You feel closer to the material plane.
Nikola casts a spell.
You hear a mighty clap of thunder!
The lightning arc hits you!
You die...

.... ♣≈≈≈≈♣≈♣♣♣♣♣≈≈≈=♣
...≈ ♣≈♣≈≈≈...♣♣.≈≈≈.♣
♣≈... ♣.♣≈≈≈≈.§≈.....♣
♣(...♣♣♣♣≈≈≈≈≈..≈≈.≈♣♣♣
...@...≈≈≈≈≈≈†.≈≈≈.♣♣
.≈≈≈≈...≈≈≈≈≈≈.≈≈≈.♣
.≈≈≈≈..§≈≈≈≈≈......♣
.≈≈≈......≈≈≈.....≈♣
≈≈...♣≈.@≈≈≈≈...♣♣♣♣
≈... ♣♣.≈≈≈≈≈.♣♣♣ .
♣.≈≈≈≈≈≈..♣ ♣♣..≈≈≈≈≈.§
...≈≈≈≈≈.♣ ..(≈≈≈≈..♣
♣♣......≈♣♣ ♣♣♣♣♣♣♣♣♣


You could see Nikola.

Vanquished Creatures
  An acid blob (Lair:6)
  Gastronok (D:11)
  Kirke (Lair:7)
  A thorn hunter (Swamp:3)
  An orc warlord (Orc:4)
  Nessos (Lair:6)
  A dire elephant (Lair:8)
  Josephine (Lair:7)
  11 hydras
  A ghost crab (Swamp:1)
  6 alligators
  12 death yaks
  The ghost of 4thArraOfDagon the Grappler, an experienced TrCK of Xom (D:10)
  3 orc high priests
  Sonja (Lair:1)
  Nergalle (Lair:4)
  2 hill giants
  A swamp dragon (Swamp:2)
  2 shambling mangroves
  A wizard (Lair:8)
  4 orc knights
  6 ugly things
  5 orc sorcerers
  A hornet (Swamp:1)
  An oklob plant (Lair:5)
  A griffon (Lair:6)
  A manticore (D:12)
  A cyclops (D:12)
  Maurice (D:11)
  A sixfirhy (Lair:8)
  26 elephants
  A torpor snail (Lair:8)
  7 black mambas
  20 spiny frogs
  4 orange demons (Lair:8)
  7 komodo dragons
  A hellwing (Lair:8)
  A queen bee (D:8)
  5 fire drakes
  3 blue devils (Lair:8)
  5 trolls
  A polar bear (Lair:5)
  4 snapping turtles (D:9)
  A red devil (Lair:8)
  5 bog bodies
  34 blink frogs
  A two-headed ogre (D:10)
  3 giant leeches (Swamp:1)
  5 slime creatures
  2 shadows (Swamp:1)
  6 wraiths
  3 spriggans
  2 deep elf magi
  A wyvern (D:11)
  57 yaks
  A basilisk (Lair:8)
  11 hippogriffs
  5 hogs (Lair:7)
  14 swamp worms
  18 insubstantial wisps
  2 hungry ghosts (D:7)
  5 vampire mosquitoes
  5 porcupines
  A hell hound (Lair:8)
  4 black bears
  8 wasps
  39 orc warriors
  2 nagas
  A necrophage (D:11)
  11 water moccasins
  4 swamp drakes
  2 phantoms (D:10)
  2 sky beasts
  12 crocodiles
  An eye of draining (D:9)
  9 ice beasts
  3 centaurs
  3 big kobolds
  5 ogres
  A gnoll sergeant (D:8)
  18 giant frogs
  2 water moccasin zombies (Ossuary)
  A water moccasin skeleton (D:6)
  4 scorpions
  4 wights (D:11)
  21 killer bees
  9 electric eels
  5 giant frog zombies
  A quasit (D:11)
  5 crimson imps
  A giant frog skeleton (D:12)
  6 hounds
  2 centaur zombies
  33 orc priests
  10 jellies
  Ijyb (D:3)
  Jessica (D:2)
  10 iguanas
  38 orc wizards
  Natasha (thrice) (D:3)
  5 worker ants
  5 big kobold zombies (Ossuary)
  4 sheep
  A hound skeleton (D:10)
  2 mummies (Ossuary)
  14 adders
  3 worker ant zombies (D:7)
  26 gnolls
  32 river rats
  4 shadow imps
  12 oozes
  8 adder zombies
  6 worms
  4 giant geckos
  158 orcs
  A ball python (D:2)
  12 bats
  7 giant cockroaches
  12 goblins
  17 hobgoblins
  9 jackals
  33 kobolds
  6 quokkas
  6 giant newts
  3 gnoll zombies (Ossuary)
  2 hobgoblin zombies (Ossuary)
  A jackal zombie (D:7)
  8 kobold zombies (Ossuary)
  3 orc zombies (Ossuary)
  A quokka zombie (D:5)
  6 rats
  A fungus (Lair:4)
  A plant (Lair:4)
1034 creatures vanquished.

Vanquished Creatures (collateral kills)
  3 killer bees (D:8)
3 creatures vanquished.

Vanquished Creatures (others)
  An orc wizard (Orc:4)
  2 orcs (Orc:4)
  A bush (Lair:8)
  54 fungi
  33 plants
91 creatures vanquished.

Grand Total: 1128 creatures vanquished

Notes
Turn   | Place    | Note
--------------------------------------------------------------
     0 | D:1      | nubinia the Spriggan Venom Mage began the quest for the Orb.
     0 | D:1      | Reached XP level 1. HP: 9/9 MP: 5/5
   458 | D:1      | Reached XP level 2. HP: 13/13 MP: 4/6
   462 | D:1      | Learned a level 2 spell: Cure Poison
  1265 | D:2      | Reached XP level 3. HP: 14/16 MP: 4/8
  1270 | D:2      | Learned a level 3 spell: Mephitic Cloud
  1327 | D:2      | Noticed Jessica
  1338 | D:2      | Killed Jessica
  1590 | D:2      | Reached XP level 4. HP: 13/21 MP: 6/10
  2182 | D:3      | Noticed Natasha
  2211 | D:3      | Killed Natasha
  2307 | D:3      | Found an ancient bone altar of Kikubaaqudgha.
  2401 | D:3      | Reached skill level 1 in Short Blades
  2461 | D:3      | Reached XP level 5. HP: 24/24 MP: 9/11
  2685 | D:3      | Noticed Natasha
  2705 | D:3      | Killed Natasha
  2705 | D:3      | Reached skill level 5 in Poison Magic
  2966 | D:3      | Noticed Ijyb
  2979 | D:3      | Killed Ijyb
  3314 | D:3      | Noticed Natasha
  3321 | D:3      | Killed Natasha
  3485 | D:3      | Reached skill level 5 in Stealth
  3723 | D:4      | Found a shadowy altar of Dithmenos.
  3921 | D:4      | Noticed a trapdoor spider zombie
  4038 | D:4      | Reached XP level 6. HP: 22/28 MP: 6/13
  4274 | D:4      | Reached skill level 1 in Air Magic
  5433 | D:5      | Entered Level 5 of the Dungeon
  5655 | D:5      | Reached skill level 1 in Conjurations
  5687 | D:5      | Reached skill level 1 in Fighting
  5687 | D:5      | Reached XP level 7. HP: 27/33 MP: 4/14
  5699 | D:5      | Reached skill level 5 in Dodging
  5771 | D:5      | Found a staircase to the Ecumenical Temple.
  5880 | Temple   | Entered the Ecumenical Temple
  5899 | Temple   | Became a worshipper of Sif Muna the Loreminder
  6200 | D:6      | Reached skill level 6 in Stealth
  6292 | D:6      | Reached skill level 5 in Spellcasting
  6336 | D:6      | Found a sand-covered staircase.
  6353 | Ossuary  | Entered an ossuary
  6763 | Ossuary  | Reached XP level 8. HP: 23/37 MP: 17/17
  7725 | Ossuary  | Gained mutation: Your magical capacity is low (-10% MP). [potion of mutation]
  7725 | Ossuary  | Gained mutation: Your mind is acute. (Int +2) [potion of mutation]
  7725 | Ossuary  | Gained mutation: You are robust (+10% HP). [potion of mutation]
  7726 | Ossuary  | Gained mutation: Your system is resistant to poisons. [potion of mutation]
  7726 | Ossuary  | Gained mutation: Armour fits poorly on your strangely shaped body. [potion of mutation]
  7726 | Ossuary  | Gained mutation: You are resistant to hostile enchantments. [potion of mutation]
  8127 | D:6      | Found a sacrificial altar of Ru.
  8285 | D:6      | Reached skill level 7 in Stealth
  8460 | D:6      | Acquired Sif Muna's first power
  9216 | D:7      | Reached XP level 9. HP: 46/46 MP: 18/18
  9301 | D:7      | Found Zamoutri's Book Shoppe.
  9925 | D:7      | Found a radiant altar of Vehumet.
  9925 | D:7      | Found a glowing silver altar of Zin.
  9947 | D:7      | Reached skill level 8 in Stealth
 10561 | D:8      | Noticed urechis's ghost (experienced MfIE)
 10579 | D:9      | Found a staircase to the Lair.
 10647 | D:9      | Found a sparkling altar of Nemelex Xobeh.
 10651 | D:9      | Reached skill level 9 in Stealth
 10720 | D:9      | Reached skill level 5 in Air Magic
 10888 | D:9      | Acquired Sif Muna's second power
 11005 | D:9      | Learned a level 4 spell: Olgreb's Toxic Radiance
 11864 | D:9      | Reached XP level 10. HP: 44/51 MP: 16/20
 12129 | D:9      | Reached skill level 10 in Stealth
 12773 | Lair:1   | Entered Level 1 of the Lair of Beasts
 12843 | Lair:1   | Noticed Sonja
 12850 | Lair:1   | Killed Sonja
 13142 | Lair:1   | Reached skill level 11 in Stealth
 13445 | Lair:1   | Reached XP level 11. HP: 50/56 MP: 20/23
 13534 | Lair:1   | Noticed a black mamba
 14036 | Lair:2   | Reached skill level 10 in Dodging
 14118 | Lair:2   | Acquired Sif Muna's third power
 15073 | Lair:3   | Reached skill level 1 in Shields
 15073 | Lair:3   | Reached skill level 10 in Spellcasting
 15269 | Lair:3   | Reached skill level 12 in Stealth
 16242 | Lair:4   | Noticed Nergalle
 16250 | Lair:4   | Killed Nergalle
 16404 | Lair:4   | Reached skill level 13 in Stealth
 16420 | Lair:4   | Reached skill level 5 in Short Blades
 16644 | Lair:4   | Reached XP level 12. HP: 61/61 MP: 21/25
 17549 | Lair:5   | Found a staircase to the Snake Pit.
 17576 | Lair:5   | Noticed a five-headed hydra
 17596 | Lair:5   | Found a frozen archway.
 17603 | IceCv    | Entered an ice cave
 17852 | Lair:5   | Found a staircase to the Swamp.
 17922 | Lair:5   | Reached skill level 14 in Stealth
 19140 | D:10     | Entered Level 10 of the Dungeon
 19153 | D:10     | Learned a level 1 spell: Shock
 19156 | D:10     | Learned a level 2 spell: Repel Missiles
 19161 | D:10     | Learned a level 3 spell: Static Discharge
 19279 | D:10     | Received a gift from Sif Muna
 19279 | D:10     | Reached skill level 5 in Conjurations
 19280 | D:10     | Identified Sif Muna's Reference Book on Destructive Feathers (Sif Muna gifted it to you on level 10 of the Dungeon)
 19286 | D:10     | Learned a level 4 spell: Airstrike
 19451 | D:10     | Noticed 4thArraOfDagon's ghost (experienced TrCK)
 19470 | D:10     | Found Daothun's General Store.
 19553 | D:10     | Killed 4thArraOfDagon's ghost
 20072 | D:11     | Noticed Maurice
 20084 | D:11     | Noticed Gastronok
 20084 | D:11     | Killed Maurice
 20220 | D:11     | Reached XP level 13. HP: 66/66 MP: 17/26
 20420 | D:11     | Upgraded the game from 0.17-a0-1650-gce8475a to 0.17-a0-1651-gae1a69f
 20471 | D:11     | Reached skill level 15 in Stealth
 21303 | D:8      | Lost mutation: Your mind is acute. (Int +2) [potion of cure mutation]
 21303 | D:8      | Lost mutation: Your magical capacity is low (-10% MP). [potion of cure mutation]
 21303 | D:8      | Lost mutation: Armour fits poorly on your strangely shaped body. [potion of cure mutation]
 21303 | D:8      | Lost mutation: You are robust (+10% HP). [potion of cure mutation]
 22254 | Lair:5   | Reached skill level 1 in Charms
 22997 | Lair:6   | Received a gift from Sif Muna
 23295 | Lair:5   | Found a staircase to the Swamp.
 23487 | Lair:5   | Found a staircase to the Snake Pit.
 23999 | Lair:6   | Noticed Nessos
 24005 | Lair:6   | Killed Nessos
 24031 | Lair:6   | Reached skill level 5 in Charms
 24128 | Lair:6   | Found a runed door.
 24129 | Lair:6   | Found a viscous altar of Jiyva.
 24130 | Lair:6   | Found a staircase to the Slime Pits.
 24130 | Lair:6   | Noticed an acid blob
 24138 | Lair:6   | Killed an acid blob
 24279 | Lair:1   | Learned a level 6 spell: Deflect Missiles
 25482 | Lair:7   | Killed a five-headed hydra
 26038 | Lair:7   | Reached XP level 14. HP: 45/65 MP: 9/32
 26045 | Lair:7   | Received a gift from Sif Muna
 26046 | Lair:7   | Identified Jatastreh's Guide on Torrid Attacks (Sif Muna gifted it to you on level 7 of the Lair of Beasts)
 26209 | Lair:7   | Noticed Kirke
 26282 | Lair:7   | Killed Kirke
 26851 | Lair:7   | Noticed Josephine
 26860 | Lair:7   | Killed Josephine
 26864 | Lair:7   | Reached skill level 10 in Air Magic
 27063 | Lair:8   | Entered Level 8 of the Lair of Beasts
 28282 | Lair:8   | Reached skill level 16 in Stealth
 28498 | Lair:8   | Received a gift from Sif Muna
 28499 | Lair:8   | Identified Sif Muna's Guide on the Arsonist and Toxins (Sif Muna gifted it to you on level 8 of the Lair of Beasts)
 28975 | Lair:8   | Reached skill level 10 in Charms
 29118 | Lair:8   | Found a burning altar of Makhleb.
 29659 | Lair:8   | Found a gateway to Hell.
 31028 | D:11     | Killed Gastronok
 31500 | D:12     | Found a staircase to the Orcish Mines.
 31573 | D:12     | Reached skill level 15 in Spellcasting
 31851 | D:12     | Reached XP level 15. HP: 68/68 MP: 35/35
 32427 | Orc:1    | Entered Level 1 of the Orcish Mines
 33129 | Orc:2    | Found Rioragu's Gadget Emporium.
 33471 | Orc:1    | Learned a level 6 spell: Dispersal
 33554 | Orc:3    | Reached skill level 1 in Translocations
 33569 | Orc:3    | Found a flagged portal.
 33587 | Bailey   | Entered a bailey
 33836 | Bailey   | Received a gift from Sif Muna
 33836 | Bailey   | Reached XP level 16. HP: 74/74 MP: 36/36
 33837 | Bailey   | Identified Sif Muna's Disquisition on Arcane Weapons and Air (Sif Muna gifted it to you in a bailey)
 34796 | Orc:4    | Entered Level 4 of the Orcish Mines
 34801 | Orc:4    | Noticed Saint Roka
 34864 | Orc:4    | Found a staircase to the Elven Halls.
 35134 | Orc:4    | Found Tuqeage's Magic Scroll Emporium.
 35197 | Orc:4    | Found a roughly hewn altar of Beogh.
 35324 | Orc:4    | Found Gewech's Antique Weapon Boutique.
 35332 | Orc:4    | Bought a jewelled short sword for 248 gold pieces
 35332 | Orc:4    | Identified the cursed +1 short sword of Dishonour {pierce, Str+7} (You bought it in a shop on level 4 of the Orcish Mines)
 35979 | Orc:4    | Found Sior's Gadget Emporium.
 37865 | Orc:4    | Found Fedusmekh's General Store.
 37929 | Orc:4    | Found Gacw's Jewellery Shop.
 37930 | Orc:4    | Found Ecubbut's Antique Armour Boutique.
 37930 | Orc:4    | Found Baf Gamoseno's Antique Weapon Boutique.
 37934 | Orc:4    | Bought a runed cloak for 144 gold pieces
 37955 | Orc:4    | Bought a glowing dagger for 42 gold pieces
 37967 | Orc:4    | Bought the ring "Yrebb" {rPois rF+ rN+ EV+2} for 486 gold pieces
 38405 | Lair:5   | Reached skill level 1 in Throwing
 38407 | Lair:5   | Received a gift from Sif Muna
 38408 | Lair:5   | Identified Damahyps's Tome of Orientation (Sif Muna gifted it to you on level 5 of the Lair of Beasts)
 38414 | Lair:5   | Learned a level 4 spell: Force Lance
 38534 | Swamp:1  | Entered Level 1 of the Swamp
 39216 | Swamp:1  | Learned a level 5 spell: Warp Weapon
 40771 | Swamp:2  | Gained mutation: Your mind is acute. (Int +2) [potion of beneficial mutation]
 41667 | Swamp:2  | Received a gift from Sif Muna
 41668 | Swamp:2  | Identified Sif Muna's Handbook of Assistive Translocation (Sif Muna gifted it to you on level 2 of the Swamp)
 41672 | Swamp:2  | Learned a level 2 spell: Blink
 41855 | Swamp:2  | Learned a level 5 spell: Phase Shift
 41925 | Swamp:3  | Reached skill level 10 in Translocations
 42454 | Swamp:3  | Reached skill level 17 in Stealth
 42770 | Swamp:3  | Noticed Nikola
 42985 | Swamp:3  | Killed from afar by Nikola

Vault maps used:
D:1:      lemuel_arrival_rhombus, minivault_27
D:2:      kennysheep_generic_room_14, uniq_jessica
D:3:      old_standard_altar, first_bread, uniq_natasha, uniq_iyjb
D:4:      grunt_dithmenos_smoke
D:5:      minmay_temple_entry_water_ring
D:6:      lightli_ossuary_entry_decrepit_ruins,
          nicolae_ru_great_annihilating_truth
D:7:      nicolae_overflow_hidden_temple, serial_shops,
          nicolae_shop_competitors_out_of_business
D:8:      david_nohive_1
D:9:      wad_bat_island, kennysheep_little_box, lair_0_dummy,
          nicolae_benzene_ring, nrook_pool_corridor
D:10:     serial_shops, shop_coins, minmay_bad_closet
D:11:     st_stairs_10, spider_trap, uniq_maurice, uniq_gastronok
D:12:     orc_0_dummy, minmay_misc_feat_square
Temple:   nicolae_temple_figure_eight
Lair:1:   uniq_sonja
Lair:4:   bh_autumn_forest_stairs, serial_bayou_shore_b, uniq_nergalle
Lair:5:   lemuel_slime, swamp_mist_pool, guppyfry_snake_entry_island,
          portal_ice_cave_entry_pillars_01, infiniplex_staircase_pool_2,
          serial_bayou_shore_b
Lair:6:   slime_altar_2, serial_bayou_shore_a, uniq_nessos
Lair:7:   uniq_kirke, uniq_josephine
Lair:8:   evil_forest, infiniplex_staircase_pool, grunt_megastairs_4
Swamp:1:  evilmike_swamp_ruin_wall
Swamp:2:  evilmike_swamp_ruin_rubble_1, swamp_pool5
Swamp:3:  evilmike_swamp_ruin_house_1, swamp_pool1, uniq_nikola
Orc:2:    serial_shops, shop
Orc:3:    enter_bailey_8, nicolae_orc_pool_cavern
Orc:4:    st_orc_congregation, serial_shops, shop, shop, nicolae_shop_trees,
          basic_altar, uniq_saint_roka
Ossuary:  ossuary_tomb_2
Bailey:   bailey_axe_2, bailey
IceCv:    ice_cave_statue_garden_01

Action                   |  1- 3 |  4- 6 |  7- 9 | 10-12 | 13-15 | 16-18 || total
-------------------------+-------+-------+-------+-------+-------+-------++-------
Melee: Dagger            |    24 |   152 |   529 |   822 |  1479 |   711 ||  3717
       Short sword       |       |       |       |       |    11 |     6 ||    17
 Fire: Blowgun           |       |       |       |       |    16 |    32 ||    48
Throw: Tomahawk          |       |       |       |       |       |    18 ||    18
 Cast: Sting             |    38 |    82 |    87 |    55 |    17 |     8 ||   287
       Mephitic Cloud    |       |     4 |    33 |    68 |    94 |    67 ||   266
       Cure Poison       |       |       |     7 |     9 |     8 |     5 ||    29
       Olgreb's Toxic Ra |       |       |       |     3 |     7 |     6 ||    16
       Airstrike         |       |       |       |    12 |   162 |   171 ||   345
       Repel Missiles    |       |       |       |     1 |       |       ||     1
       Shock             |       |       |       |       |    33 |     1 ||    34
       Deflect Missiles  |       |       |       |       |     2 |     1 ||     3
       Force Lance       |       |       |       |       |       |    25 ||    25
       Phase Shift       |       |       |       |       |       |     5 ||     5
       Dispersal         |       |       |       |       |       |     2 ||     2
       Blink             |       |       |       |       |       |     1 ||     1
       Warp Weapon       |       |       |       |       |       |     1 ||     1
Invok: Channel Energy    |       |       |       |     2 |       |       ||     2
       Forget Spell      |       |       |       |       |       |     1 ||     1
Evoke: Wand              |       |       |       |     2 |     3 |     2 ||     7
  Use: Scroll            |       |     6 |    10 |     7 |    10 |     4 ||    37
       Potion            |       |       |     3 |     1 |     4 |     4 ||    12
 Stab: Sleeping          |     3 |    14 |    26 |    41 |    51 |    13 ||   148
       Distracted        |     1 |       |     1 |     3 |    13 |     5 ||    23
       Confused          |       |     1 |    20 |    50 |    91 |    59 ||   221
  Eat: Fruit             |       |     2 |       |    10 |       |       ||    12
       Bread ration      |       |     1 |       |       |     1 |     1 ||     3
       Pizza             |       |       |     2 |       |     1 |       ||     3
       Royal jelly       |       |       |       |       |     7 |       ||     7
